 Dungeon Crawl Stone Soup version 0.28-a0-998-gb9e9c7b67e (webtiles) character file.

Game seed: 4400042529194169029

2796 bearlyready the Grappler (level 9, -6/74 HPs)
             Began as a Ghoul Hunter on Dec 5, 2021.
             Was an Initiate of Gozag.
             Mangled by a two-headed ogre (8 damage)
             ... on level 7 of the Dungeon.
             The game lasted 00:12:42 (9651 turns).

bearlyready the Grappler (Ghoul Hunter)             Turns: 9651, Time: 00:12:42

Health: -6/74      AC:  7    Str: 20    XL:     9   Next: 71%
Magic:  8/8        EV: 11    Int:  6    God:    Gozag
Gold:   145        SH:  4    Dex:  9    Spells: 8/8 levels left

rFire   . . .      SeeInvis .   a - +2 hunting sling (vorpal)
rCold   + + .      Faith    .   o - +0 buckler
rNeg    + + +      Spirit   .   p - +0 ring mail
rPois   ∞          Reflect  .   (no helmet)
rElec   .          Harm     .   i - +0 cloak
rCorr   .          Rampage  .   (no gloves)
Will    .....                   E - +0 pair of boots
Stlth   +.........              (no amulet)
HPRegen 0.00/turn               h - ring of protection from cold
MPRegen 0.11/turn               (no ring)

@: inhibited regen
A: claws 1, cold resistance 1, negative energy resistance 3, inhibited
regeneration, torment resistance 2
a: Renounce Religion, Potion Petition, Call Merchant, Bribe Branch


You were on level 7 of the Dungeon.
You worshipped Gozag.
Gozag was aware of your devotion.
You visited 2 branches of the dungeon, and saw 8 of its levels.

You collected 614 gold pieces.
You paid 469 gold pieces to Gozag.

Inventory:

Hand Weapons
 a - a +2 vorpal hunting sling (weapon)
Missiles
 d - 104 sling bullets
 g - 144 stones (quivered ammo)
 D - 4 javelins
Armour
 c - a +0 leather armour
 i - a +0 cloak (worn)
 o - a +0 buckler (worn)
 p - a +0 ring mail (worn)
 E - a +0 pair of boots (worn)
Jewellery
 h - a ring of protection from cold (left claw)
 x - a ring of magical power
 F - an amulet of the acrobat
Wands
 j - a wand of digging (11)
Scrolls
 b - 2 scrolls of magic mapping {unknown}
 e - 2 scrolls of vulnerability {unknown}
 f - 10 scrolls of identify
 k - a scroll of enchant armour {unknown}
 q - 3 scrolls of teleportation
 t - 2 scrolls of fear {unknown}
 y - a scroll of summoning {unknown}
 B - a scroll of silence {unknown}
 C - a scroll of immolation {unknown}
Potions
 n - a potion of flight {unknown}
 r - 3 potions of curing
 s - 3 potions of attraction {unknown}
 v - a potion of haste {unknown}
 z - a potion of brilliance {unknown}
 A - a potion of berserk rage {unknown}


   Skills:
 + Level 5.2 Fighting
 + Level 7.5 Slings
 - Level 1.7 Dodging
 - Level 1.1 Stealth
 - Level 5.0 Shields
 + Level 8.9 Unarmed Combat


You had 8 spell levels left.
You didn't know any spells.
Your spell library contained the following spells:

 Spells                   Type           Power      Damage    Failure   Level
 Static Discharge         Conj/Air       0%         N/A       78%         2
 Conjure Flame            Conj/Fire      0%         6-21      95%         3
 Ignite Poison            Fire/Tmut/Pois 0%         N/A       95%         3
 Dispel Undead            Necr           0%         3d6       100%        4
 Sticky Flame             Conj/Fire      0%         2d3       100%        4


Dungeon Overview and Level Annotations

Branches:
Dungeon (7/15)             Temple (1/1) D:5

Altars:
Cheibriados
Dithmenos
Fedhas
Gozag
Kikubaaqudgha
Nemelex Xobeh
Uskayaw

Shops:
D:1 [   D:5 (   D:6 :

Annotations:
D:6 1 transporter, ThanksArdit's ghost, novice MiGl


Innate Abilities, Weirdness & Mutations

You thrive by killing the living.
You are immune to poison.
You have sharp fingernails.
Your flesh is cold resistant. (rC+)
You are immune to negative energy. (rN+++)
You do not regenerate when monsters are visible.
You are immune to unholy pain and torment.


Message History

You throw a poisoned dart.
The poisoned dart hits the two-headed ogre.
The two-headed ogre is poisoned.
The two-headed ogre is severely wounded.
The two-headed ogre looks more healthy.
Throw: 4 darts (poison)
Press: ? - help, Q - select action, (/) - cycle Shift-Dir - straight line, f/p - two-headed ogre
Aim: a two-headed ogre, wielding two +0 giant spiked clubs (almost dead, 74% to hit)
You throw a poisoned dart.
The poisoned dart hits the two-headed ogre.
The two-headed ogre is almost dead.
Throw: 3 darts (poison)
Press: ? - help, Q - select action, (/) - cycle Shift-Dir - straight line, f/p - two-headed ogre
Aim: a two-headed ogre, wielding two +0 giant spiked clubs (severely wounded, 74% to hit)
You throw a poisoned dart.
The poisoned dart hits the two-headed ogre.
The two-headed ogre is poisoned.
The two-headed ogre is severely wounded.
The two-headed ogre completely misses you.
The two-headed ogre barely misses you.
The two-headed ogre looks more healthy.
There is a stone staircase leading up here.
Throw: 2 darts (poison)
Press: ? - help, Q - select action, (/) - cycle Shift-Dir - straight line, f/p - two-headed ogre
Aim: a two-headed ogre, wielding two +0 giant spiked clubs (severely wounded, 74% to hit)
You throw a poisoned dart.
The poisoned dart hits the two-headed ogre.
The two-headed ogre is poisoned.
The two-headed ogre is severely wounded.
The two-headed ogre looks more healthy.
Throw: dart (poison)
Press: ? - help, Q - select action, (/) - cycle Shift-Dir - straight line, f/p - two-headed ogre
Aim: a two-headed ogre, wielding two +0 giant spiked clubs (severely wounded, 74% to hit)
You throw a poisoned dart.
The poisoned dart hits the two-headed ogre.
The two-headed ogre is poisoned.
The two-headed ogre is severely wounded.
The two-headed ogre hits you with a +0 giant spiked club!
You die...
Your body crumbles into a pile of gold.

# #.# ##..o###.#..##.##) # ##.##
##.## #.....O.#.. # #####...# #.#
#########o# ###...#...# #####.#
#.# ##........####...#.# #.#
##........##...#...## ######.#
#.........##..##.)..# #.......
#............##...#.######...).##
............##.#@..............#
##.........##..#O#.#######..(..#
.#...#....##.# #o#.### #....!#
.#...##...#.# .#....[###########
.#...##...#. #.#.#.#....#
##....#...# #.##.#......#
#........#..##..###....#
###.......#.##..####.#.##
..##)......##........#.#


You could see a two-headed ogre (poisoned) and an orc.

Vanquished Creatures
  Joseph (D:7)
  A kobold demonologist (D:6)
  Eustachio (D:3)
  A human (D:5)
  A steam dragon (D:7)
  2 water moccasins (D:7)
  An ice beast (D:6)
  A sky beast (D:6)
  A black bear (D:6)
  A hornet zombie (D:4)
  A necrophage (D:5)
  A lemure (D:5)
  A phantom (D:5)
  Blork the orc (D:6)
  A bullfrog (D:7)
  3 scorpions (D:5)
  A water moccasin zombie (D:6)
  A water moccasin skeleton (D:4)
  A howler monkey (D:6)
  A bullfrog zombie (D:6)
  3 jellies
  2 orc priests
  5 iguanas
  Natasha (thrice) (D:4)
  2 orc wizards (D:4)
  A killer bee zombie (D:6)
  A howler monkey zombie (D:5)
  6 adders
  A white imp (D:6)
  2 ufetubi (D:5)
  2 worms
  2 dart slugs
  6 orcs
  6 ball pythons
  6 endoplasms
  3 giant cockroaches
  6 goblins
  6 hobgoblins
  6 kobolds
  3 quokkas
  5 bats
  4 frilled lizards
  9 rats
113 creatures vanquished.

Notes
Turn   | Place    | Note
-------+----------+-------------------------------------------
     0 | D:1      | bearlyready the Ghoul Hunter began the quest for the Orb.
     0 | D:1      | Reached XP level 1. HP: 17/17 MP: 0/0
   135 | D:1      | Found Qayxif's Armour Boutique.
   153 | D:1      | Reached skill level 1 in Unarmed Combat
   372 | D:1      | Reached XP level 2. HP: 24/24 MP: 1/1
   528 | D:1      | Reached skill level 2 in Unarmed Combat
  1168 | D:1      | Reached skill level 3 in Unarmed Combat
  1168 | D:1      | Reached XP level 3. HP: 9/29 MP: 2/2
  1737 | D:2      | Reached skill level 4 in Unarmed Combat
  1737 | D:2      | Reached XP level 4. HP: 9/36 MP: 3/3
  2842 | D:3      | Found a sparkling altar of Nemelex Xobeh.
  3927 | D:4      | Reached skill level 1 in Shields
  3927 | D:4      | Reached XP level 5. HP: 31/41 MP: 4/4
  4442 | D:4      | Reached XP level 6. HP: 48/48 MP: 5/5
  4531 | D:4      | Reached skill level 5 in Unarmed Combat
  4687 | D:4      | Noticed Natasha
  4698 | D:4      | Killed Natasha
  4723 | D:4      | Noticed Natasha
  4735 | D:4      | Killed Natasha
  4774 | D:4      | Noticed Natasha
  4786 | D:4      | Killed Natasha
  4808 | D:4      | Found a shadowy altar of Dithmenos.
  4828 | D:4      | Found a blossoming altar of Fedhas.
  4841 | D:4      | Found an ancient bone altar of Kikubaaqudgha.
  4882 | D:4      | Reached XP level 7. HP: 49/55 MP: 6/6
  5041 | D:4      | Noticed Eustachio
  5477 | D:3      | Killed Eustachio
  5478 | D:3      | Reached skill level 5 in Slings
  5614 | D:4      | Found an opulent altar of Gozag.
  5624 | D:4      | Became a worshipper of Gozag Ym Sagoz the Greedy
  5658 | D:5      | Entered Level 5 of the Dungeon
  5658 | D:5      | Found a staircase to the Ecumenical Temple.
  5669 | Temple   | Entered the Ecumenical Temple
  5740 | D:5      | Reached skill level 6 in Unarmed Combat
  6156 | D:5      | Reached XP level 8. HP: 61/61 MP: 7/7
  6370 | D:5      | Found a snail-covered altar of Cheibriados.
  6527 | D:5      | Found Taacyb Suo's Weapon Shoppe.
  6587 | D:5      | Noticed Pikel
  6801 | D:6      | Noticed Blork the orc
  6808 | D:6      | Noticed a kobold demonologist
  6813 | D:6      | Killed Blork the orc
  6834 | D:6      | Killed a kobold demonologist
  6835 | D:6      | Reached skill level 7 in Unarmed Combat
  6978 | D:6      | Found Jestoh's Book Emporium.
  7017 | D:6      | Reached skill level 5 in Shields
  7185 | D:6      | Reached XP level 9. HP: 35/69 MP: 8/8
  7568 | D:6      | Found a hide-covered altar of Uskayaw.
  7649 | D:6      | Found a transporter.
  7959 | D:6      | Noticed ThanksArdit's ghost (novice MiGl)
  7960 | D:6      | Noticed a komodo dragon
  8048 | D:7      | Reached skill level 8 in Unarmed Combat
  8398 | D:7      | Noticed Joseph
  8431 | D:7      | Killed Joseph
  8617 | D:7      | Noticed a two-headed ogre
  8766 | D:5      | Noticed Pikel
  8766 | D:5      | Pikel changed into Pikel the human
  8800 | D:5      | Killed Pikel the human
  8801 | D:5      | Reached skill level 5 in Fighting
  9576 | D:7      | HP: 1/74 [two-headed ogre (10)]
  9651 | D:7      | Mangled by a two-headed ogre

Illustrated notes

Levels and vault maps discovered:
D:1:      zaba_arrival_water, layout_basic, serial_shops, nicolae_shop_trees,
          patterned_corridor
D:2:      layout_basic, st_stairs_10, serial_bayou_ford_a
D:3:      layout_basic, nemelex_xobeh_ov_fountains_minmay, minmay_pentangle
D:4:      layout_rooms, nicolae_overflow_quartered_altars, uniq_eustachio,
          uniq_natasha
D:5:      layout_cave_pods, kennysheep_little_box,
          minmay_temple_entry_proselytizer, serial_shops,
          nicolae_shop_bloodbath_and_beyond, uniq_pikel
D:6:      layout_basic, nicolae_uskayaw_murder_on_the_dancefloor, serial_shops,
          nicolae_square_shop, gammafunk_ghost_smash, uniq_blork_the_orc
D:7:      layout_loops_cross, minmay_parallelograms, uniq_joseph
Temple:   corrupted_temple

Skill      XL: |  1  2  3  4  5  6  7  8  9 |
---------------+----------------------------+-----
Unarmed Combat | 1 3 4 5 6 7 8 |  8.9
Slings         | 4 5 6 7 |  7.5
Shields        | 1 2 3 5 |  5.0
Fighting       | 3 5 |  5.2
Dodging        | |  1.7
Stealth        | |  1.1

Action                   |  1- 3 |  4- 6 |  7- 9 || total
-------------------------+-------+-------+-------++-------
Melee: Unarmed           |    74 |    72 |   244 ||   390
 Fire: Hunting sling     |    25 |   108 |   104 ||   237
Throw: Throwing net      |       |       |     3 ||     3
       Dart              |       |       |    16 ||    16
Invok: Potion Petition   |       |       |     1 ||     1
Evoke: Wand              |       |       |     3 ||     3
  Use: Potion            |       |     2 |     2 ||     4
       Scroll            |       |       |     2 ||     2
 Stab: Sleeping          |     1 |       |       ||     1
       Held in net/web   |       |       |     2 ||     2
Armor: Leather armour    |    19 |     4 |       ||    23
       Ring mail         |       |    28 |    92 ||   120
Dodge: Dodged            |    55 |    43 |   134 ||   232
Block: Buckler           |       |     7 |    46 ||    53

Table legend: (Time is in decaauts)
 A = Elapsed time spent in this place.
 B = Non-inter-level travel time spent in this place.
 C = Inter-level travel time spent in this place.
 D = Time resting spent in this place.
 E = Time spent auto-exploring this place.
 F = Levels seen in this place.
 G = Mean time per level.
                   A        B        C        D        E       F      G
               +--------+--------+--------+--------+--------+-----+--------+
         Total |   9624 |   9351 |    273 |   1368 |   6448 |   8 | 1203.0 |
       Dungeon |   9564 |   9291 |    273 |   1310 |   6448 |   7 | 1366.3 |
        Temple |     59 |     59 |      0 |     58 |      0 |   1 |   59.0 |
               +--------+--------+--------+--------+--------+-----+--------+

Top non-repeatable levels by time:
     D:3: 1751 daAuts
     D:1: 1647 daAuts
     D:5: 1541 daAuts
     D:6: 1502 daAuts
     D:2: 1181 daAuts
     D:4: 1102 daAuts
     D:7: 838 daAuts
  Temple: 59 daAuts
